 Dungeon Crawl Stone Soup version 0.30.1-11-g7821555f0a (webtiles) character file.

Game seed: 11403301384334798875

3553 lonewolfV2 the Blocker (level 10, -6/85 HPs)
             Began as a Formicid Fighter on Nov 14, 2023.
             Was a Follower of Qazlal.
             Mangled by a wolf (8 damage)
             ... led by Grum
             ... on level 8 of the Dungeon.
             The game lasted 00:10:42 (6825 turns).

lonewolfV2 the Blocker (Formicid Fighter)           Turns: 6825, Time: 00:10:43

Health: -6/85      AC: 14    Str: 31    XL:     10   Next: 30%
Magic:  14/15      EV:  6    Int:  8    God:    Qazlal [*.....]
Gold:   426        SH: 21    Dex: 13    Spells: 9/9 levels left

rFire   . . .        a - +2 war axe (heavy)
rCold   . . .        z - +3 tower shield "Elitofir" {Regen+}
rNeg    . . .        i - +1 plate armour
rPois   +            (helmet unavailable)
rElec   .            (no cloak)
rCorr   .            (no gloves)
SInv    +            (no boots)
Will    +....        (no amulet) Stlth
                     w - +6 ring of strength
HPRegen 1.14/turn    f - ring of poison resistance
MPRegen 0.14/turn

%: no passive effects
@: mighty
A: permanent stasis, dig shafts and tunnels, antennae 3, four strong arms
a: Dig, Shaft Self, Renounce Religion


You were on level 8 of the Dungeon.
You worshipped Qazlal.
Qazlal was aware of your devotion.
You visited 1 branch of the dungeon, and saw 8 of its levels.

You collected 426 gold pieces.

Inventory:

Hand Weapons
 a - a +2 heavy war axe (weapon)
Armour
 b - a +0 scale mail
 c - a +0 buckler
 i - a +1 plate armour (worn)
 z - the +3 tower shield "Elitofir" (worn) {Regen+}
   (You acquired it on level 5 of the Dungeon)

   Regen:     It increases your rate of health regeneration.
Jewellery
 f - a ring of poison resistance (right hand)
 h - a ring of wizardry
 s - a ring of resist corrosion
 w - a +6 ring of strength (left hand)
Wands
 o - a wand of light (16)
 q - a wand of iceblast (16)
 v - a wand of flame (42)
 D - a wand of polymorph (12)
Scrolls
 j - 4 scrolls of teleportation
 u - a scroll of magic mapping
 y - a scroll of enchant armour
 B - a scroll of summoning
Potions
 d - 3 potions of might
 e - 3 potions of flight
 g - 2 potions of cancellation
 k - 2 potions of attraction {unknown}
 l - 3 potions of curing {unknown}
 m - a potion of haste {unknown}
 n - 3 potions of degeneration
 p - a potion of berserk rage {unknown}
 r - 2 potions of brilliance
 t - 2 potions of mutation {unknown}
 x - a potion of resistance {unknown}
 A - a potion of invisibility


   Skills:
 - Level 10.1 Fighting
 - Level 2.0 Axes
 + Level 6.9 Armour
 - Level 11.0 Shields
 * Level 6.7 Invocations


You had 9 spell levels left.
You didn't know any spells.
Your spell library contained the following spells:

 Spells                   Type           Power      Damage    Failure   Level
 Poisonous Vapours        Pois/Air       0%         N/A       100%        2
 Mephitic Cloud           Conj/Pois/Air  0%         N/A       100%        3
 Leda's Liquefaction      Hex/Erth       0%         N/A       100%        4
 Freezing Cloud           Conj/Ice/Air   0%         6-21      100%        5
 Lee's Rapid Deconstruct  Erth           0%         3d4*      100%        5
 Statue Form              Tmut/Erth      0%         N/A       100%        6


Dungeon Overview and Level Annotations

Branches:
Dungeon (8/15)             Temple (0/1) D:6
   Lair: D:8-11

Altars:
Elyvilon
Fedhas
Kikubaaqudgha
Okawaru
Qazlal
Trog
Xom
Zin

Annotations:
D:8 Grum


Innate Abilities, Weirdness & Mutations

You cannot be hasted, slowed, berserked, paralysed or teleported.
You can dig through walls and to a lower floor.
You have a pair of large antennae on your head. (SInv)
Your four strong arms can wield two-handed weapons with a shield.


Message History

The wolf bites you! The wolf bites you but does no damage.
You block the wolf's attack. Grum hits you but does no damage.
You block the wolf's attack. x2; The wolf bites you!
You block the wolf's attack. Grum hits you with a +1 spear.
You block the wolf's attack.
Things that are here:
a wand of iceblast (9); a wolf corpse You barely miss the wolf.
You hit the wolf but do no damage. You slash the wolf!
You hit Grum but do no damage. The wolf bites you but does no damage.
You block the wolf's attack. x3
The wolf bites you. x2; Grum hits you with a +1 spear.
The wolf bites you. The wolf bites you but does no damage. The wolf bites you.
Grum hits you with a +1 spear!
* * * LOW HITPOINT WARNING * * *
The wolf bites you but does no damage. The wolf closely misses you.
The wolf bites you but does no damage.
You feel very mighty all of a sudden.
You block the wolf's attack. x3; You block Grum's attack.
You block the wolf's attack.
You barely miss Grum. You hit the wolf. You slash the wolf!
You kill the wolf!
Qazlal accepts your kill.
You closely miss the wolf. You block the wolf's attack. x2
The wolf completely misses you. You block the wolf's attack.
Grum hits you with a +1 spear!
* * * LOW HITPOINT WARNING * * *
The wolf barely misses you. The wolf bites you but does no damage.
Grum barely misses you. You block the wolf's attack.
You slash Grum!
Grum is moderately wounded.
You slice the wolf!!
You kill the wolf!
Qazlal accepts your kill.
You hit the wolf. You block the wolf's attack. x2
Grum hits you with a +1 spear!
* * * LOW HITPOINT WARNING * * *
The wolf barely misses you.
Grum glances around and shouts, "Lady!
Here boy!"
You block Grum's attack. The wolf bites you!
You die...

####### ############
....... +..........#
....... #..........#
.......
#......)).######.......
#..<...)).#............
....##.....#...†hg......
....###'####...†@#
.#.........#...○.#
............######
#######.....# #....##
#..... #.....# #..#### {
#.+#


You could see Grum (invisible) and a wolf.

Vanquished Creatures
  5 yaks (D:6)
  2 steam dragons (D:7)
  2 water moccasins (D:7)
  An orc warrior (D:8)
  2 ice beasts (D:7)
  3 black bears
  5 ogres
  3 wolves (D:8)
  A centaur (D:7)
  A phantom (D:5)
  A kobold brigand (D:7)
  A bullfrog (D:6)
  4 scorpions
  2 hounds
  2 jellies
  3 orc priests
  4 iguanas
  9 orc wizards
  5 adders
  2 white imps
  A worm (D:2)
  2 dart slugs (D:1)
  30 orcs
  10 endoplasms
  2 giant cockroaches (D:1)
  9 goblins
  5 hobgoblins
  7 kobolds
  2 quokkas
  7 ball pythons
  5 bats
  A frilled lizard (D:2)
  5 rats
144 creatures vanquished.

Vanquished Creatures (others)
  An orc (D:5)
1 creature vanquished.

Grand Total: 145 creatures vanquished

Notes
Turn   | Place    | Note
-------+----------+-------------------------------------------
     0 | D:1      | lonewolfV2 the Formicid Fighter began the quest for the
                  | Orb.
     0 | D:1      | Reached XP level 1. HP: 18/18 MP: 1/1
   201 | D:1      | Reached XP level 2. HP: 24/24 MP: 2/2
   430 | D:1      | Reached XP level 3. HP: 25/30 MP: 3/3
  1178 | D:2      | Reached XP level 4. HP: 34/37 MP: 4/4
  1591 | D:3      | Found a faded altar of an unknown god.
  1594 | D:3      | Prayed at the altar of an unknown god.
  1594 | D:3      | Became a worshipper of Elyvilon the Healer
  1594 | D:3      | Reached * piety under Elyvilon
  1595 | D:3      | Fell from the grace of Elyvilon
  1696 | D:3      | Reached XP level 5. HP: 33/43 MP: 5/5
  2017 | D:3      | Found an ancient bone altar of Kikubaaqudgha.
  2541 | D:4      | Reached skill level 5 in Fighting
  2541 | D:4      | Reached skill level 5 in Armour
  2555 | D:4      | Noticed a black bear
  2562 | D:4      | Killed a black bear
  2563 | D:4      | Reached XP level 6. HP: 49/51 MP: 6/6
  2662 | D:4      | Identified the +0 leather armour "Tesayf" {Will++}
  2693 | D:4      | Found a blossoming altar of Fedhas.
  2904 | D:4      | Noticed an ogre
  2911 | D:4      | Killed an ogre
  2912 | D:4      | Reached skill level 5 in Shields
  3272 | D:5      | Entered Level 5 of the Dungeon
  3290 | D:5      | Noticed a black bear
  3305 | D:5      | Killed a black bear
  3306 | D:5      | Reached skill level 6 in Shields
  3306 | D:5      | Reached XP level 7. HP: 59/59 MP: 7/7
  3597 | D:5      | Found a glowing silver altar of Zin.
  3628 | D:5      | Reached skill level 7 in Shields
  3774 | D:5      | Reached XP level 8. HP: 66/67 MP: 8/8
  3971 | D:5      | Found a stormy altar of Qazlal.
  3992 | D:5      | Became a worshipper of Qazlal Stormbringer
  4062 | D:5      | Identified the +0 ring mail of Nyvot {rF- rC+ SInv}
  4124 | D:5      | Found a white marble altar of Elyvilon.
  4361 | D:5      | Found a bloodstained altar of Trog.
  4429 | D:5      | Identified a scroll of acquirement
  4429 | D:5      | Acquired the +3 tower shield "Elitofir" {Regen+}
  4504 | D:6      | Reached skill level 8 in Shields
  4505 | D:6      | Found a shimmering altar of Xom.
  4884 | D:6      | Noticed a yak
  4884 | D:6      | Noticed a yak
  4892 | D:6      | Noticed a yak
  4894 | D:6      | Killed a yak
  4894 | D:6      | Noticed a yak
  4895 | D:6      | Reached skill level 9 in Shields
  4895 | D:6      | Noticed a yak
  4898 | D:6      | Killed a yak
  4899 | D:6      | Reached XP level 9. HP: 72/75 MP: 9/9
  4913 | D:6      | Reached skill level 10 in Shields
  4991 | D:6      | Found an iron altar of Okawaru.
  5036 | D:6      | Found a staircase to the Ecumenical Temple.
  5117 | D:6      | Reached skill level 10 in Fighting
  5120 | D:6      | Reached skill level 11 in Shields
  5264 | D:6      | Reached * piety under Qazlal
  5524 | D:6      | Reached skill level 1 in Invocations
  5889 | D:7      | Reached XP level 10. HP: 55/85 MP: 11/13
  6214 | D:7      | Identified the +4 chain mail of Cleverly Designed Joy
                  | {rPois Will- Str+8 Slay-5}
  6232 | D:7      | Reached skill level 5 in Invocations
  6817 | D:8      | Noticed Grum
  6825 | D:8      | HP: 2/85 [Grum/+1 spear (12)]
  6825 | D:8      | Mangled by a wolf

Illustrated notes

Levels and vault maps discovered:
D:1:      wander_arrival_fairy_ring, layout_loops_ring, minmay_misc_feat_roman
D:2:      cheibrodos_pilgrimage, layout_loops_cross
D:3:      layout_basic, mainiacjoe_overflow_24_doors,
          nicolae_ecumenical_oubliette, nicolae_figureground_pulse
D:4:      layout_cave_pools, mainiacjoe_overflow_alcove_1
D:5:      layout_basic, elyvilon_altar_1, kennysheep_mini, old_standard_altar,
          zin_scriptorium
D:6:      layout_loops_cross, mainiacjoe_overflow_paths, okawaru_trees_1,
          minmay_temple_entry_trees, grunt_decor_arrowhead,
          minmay_increasing_density
D:7:      layout_basic, kennysheep_path_1, minmay_misc_feat_hallway
D:8:      layout_gridville, mainiacjoe_overflow_cross_hatched,
          minmay_shattered_shrine, uniq_pikel, uniq_psyche, uniq_grum

Skill      XL: |  1  2  3  4  5  6  7  8  9 10 |
---------------+-------------------------------+-----
Fighting       | 4 5 6 7 8 10 | 10.1
Armour         | 4 5 6 |  6.9
Shields        | 6 7 9 11 | 11.0
Invocations    | 4 6 |  6.7
Axes           | |  2.0

Action                     |  1- 3 |  4- 6 |  7- 9 | 10-12 || total
---------------------------+-------+-------+-------+-------++-------
  Melee: War axe           |    93 |    80 |   176 |    40 ||   389
 Invoke: Renounce Religion |       |     1 |       |       ||     1
Ability: Dig               |       |       |     1 |       ||     1
    Use: Scroll            |     4 |     1 |     8 |     1 ||    14
         Potion            |       |       |       |     1 ||     1
 Armour: Scale mail        |     9 |       |       |       ||     9
         Plate armour      |    56 |    84 |   114 |    29 ||   283
  Dodge: Dodged            |    33 |    39 |    51 |    21 ||   144
  Block: Buckler           |    39 |    31 |    26 |       ||    96
         Tower shield      |       |       |   131 |    85 ||   216
